 Dungeon Crawl Stone Soup version 0.30-a0-1124-g6e8f0f562f (webtiles) character file.

Game seed: 6846113946056150903

728 Zeldest the Cudgeller (level 7, -9/51 (59) HPs)
             Began as a Troll Hedge Wizard on Apr 23, 2023.
             Was a Follower of Okawaru.
             Mangled by a wight
             ... wielding a +2 scimitar
              (12 damage)
             ... on level 5 of the Dungeon.
             The game lasted 00:05:29 (3732 turns).

Zeldest the Cudgeller (Troll Hedge Wizard)          Turns: 3732, Time: 00:05:29

HP:   -9/51 (59)    AC:  4    Str: 19    XL:     7   Next: 44%
MP:   18/18         EV:  9    Int: 12    God:    Okawaru [*.....]
Gold: 389           SH:  0    Dex:  9    Spells: 9/10 levels left

rFire   . . .        x - +0 giant club
rCold   . . .        (shield currently unavailable)
rNeg    . . .        b - +0 robe
rPois   .            c - +0 hat
rElec   .            o - scarf {shadows}
rCorr   .            (gloves unavailable)
SInv    .            (boots unavailable)
Will    .....        z - amulet of regeneration
Stlth   +            i - ring of magical power
HPRegen 1.88/turn    (no ring)
MPRegen 0.16/turn

%: no passive effects
@: heavily drained
A: large, unfitting armour, claws 3, regeneration 1, shaggy fur 1, tough skin 1
a: Renounce Religion, Heroism


You were on level 5 of the Dungeon.
You worshipped Okawaru.
Okawaru was aware of your devotion.
You visited 1 branch of the dungeon, and saw 6 of its levels.

You collected 389 gold pieces.

Inventory:

Hand Weapons
 x - a +0 giant club (weapon)
Missiles
 q - 8 boomerangs
Armour
 b - a +0 robe (worn)
 c - a +0 hat (worn)
 o - a scarf of shadows (worn)
Jewellery
 i - a ring of magical power (left claw)
 m - a ring of ice
 z - an amulet of regeneration (around neck)
Wands
 k - a wand of flame (11)
Scrolls
 a - 3 scrolls of teleportation {unknown}
 f - 8 scrolls of enchant weapon {unknown}
 g - 3 scrolls of amnesia {unknown}
 h - 12 scrolls of identify {unknown}
 n - 2 scrolls of fog {unknown}
 p - 2 scrolls of fear {unknown}
 s - 4 scrolls of poison {unknown}
 w - a scroll of acquirement {unknown}
 y - a scroll of blinking {unknown}
Potions
 d - a potion of magic
 e - a potion of heal wounds
 j - 2 potions of curing
 l - 3 potions of lignification {unknown}
 r - a potion of cancellation {unknown}
 t - a potion of degeneration {unknown}
 u - 3 potions of might {unknown}
 v - a potion of attraction {unknown}
 A - a potion of flight {unknown}


   Skills:
 + Level 4.2 Maces & Flails
 + Level 3.2 Throwing
 - Level 1.5 Dodging
 - Level 1.0 Stealth
 - Level 2.0 Spellcasting
 - Level 0.6 Conjurations
 - Level 0.6 Summonings
 + Level 3.6 Translocations
 + Level 1.9 Invocations


You had 9 spell levels left.
You knew the following spells:

 Your Spells              Type           Power      Damage    Failure   Level
a - Magic Dart            Conj           8%         1d3       22%         1

Your spell library contained the following spells:

 Spells                   Type           Power      Damage    Failure   Level
 Blink                    Tloc           18%        N/A       10%         2
 Lesser Beckoning         Tloc           18%        N/A       10%         2
 Momentum Strike          Conj/Tloc      12%        3d8       17%         2
 Foxfire                  Conj/Fire      4%         2x1d4     24%         1
 Slow                     Hex            4%         N/A       26%         1
 Cigotuvi's Dreadful Rot  Necr/Pois/Air  2%         N/A       38%         2
 Mephitic Cloud           Conj/Pois/Air  1%         N/A       58%         3
 Ozocubu's Armour         Ice            1%         N/A       63%         3
 Fireball                 Conj/Fire      0%         3d3       100%        5
 Metabolic Englaciation   Hex/Ice        0%         N/A       100%        5
 Plasma Beam              Fire/Air       0%         2x1d11    100%        6
 Starburst                Conj/Fire      0%         6d3       100%        6
 Call Imp                 Summ           Unusable   N/A       N/A         2
 Simulacrum               Ice/Necr       Unusable   N/A       N/A         6

Dungeon Overview and Level Annotations

Branches:
Dungeon (6/15) Zot: 26986
 Temple: D:4-7

Altars:
Dithmenos
Nemelex Xobeh
Okawaru
Qazlal
Sif Muna
Uskayaw

Shops:
D:2 *


Innate Abilities, Weirdness & Mutations

You are too large for most types of armour.
You have claws for hands.
Your natural rate of healing is unusually fast.
You are covered in fur. (AC +1)
You have tough skin. (AC +1)


Message History

You start putting on your amulet.
You continue putting on your amulet of regeneration. x5
You finish putting on your amulet of regeneration.
The amulet throbs as it attunes itself to your uninjured body.
z - an amulet of regeneration (around neck)
Found an escape hatch in the floor.
There is an escape hatch in the floor here.
a - 3 scrolls labelled UDYENO FIHEI (gained 1) Done exploring.
Done exploring.
Done exploring.
There is a stone staircase leading down here.
You climb downwards.
Found a stone staircase leading up.
There is a stone staircase leading up here.
There are monsters nearby!
The helpless wight fails to defend itself.
You hit the wight.
The wight is lightly damaged.
The wight barely misses you. The wight hits you with a +2 scimitar!
The wight barely misses you.
You climb upwards.
There is a stone staircase leading down here.
The wight attacks as you move away! The wight hits you with a +2 scimitar!
The wight attacks as you move away! The wight hits you with a +4 mace.
The wight attacks as you move away! The wight hits you with a +4 mace.
You feel drained. The wight hits you with a +2 scimitar!
You feel drained. The wight attacks as you move away!
The wight hits you with a +4 mace! The wight attacks as you move away!
The wight hits you with a +2 scimitar!
* * * LOW HITPOINT WARNING * * *
You feel drained.
* * * LOW HITPOINT WARNING * * *
The wight attacks as you move away! The wight barely misses you.
You feel much better. The wight hits you with a +2 scimitar!
You feel drained.
You barely miss the wight. The wight hits you with a +2 scimitar!
* * * LOW HITPOINT WARNING * * *
You barely miss the wight. The wight hits you with a +2 scimitar!
* * * LOW HITPOINT WARNING * * *
You feel drained. The wight hits you with a +2 scimitar!
You die...

### ### #.###########.####
#.................
#.##########..#### #@# #..#
######z###### #..# #####
#.....z.....# #..# #...#
#...........# #..# #...#
#...........#####..# #...#
####>...............#
#...######....##....######...#
#...#....#....##.............####
..^......................|.......


You could see 2 wights.

Vanquished Creatures
  Duvessa (D:5)
  An ogre (D:5)
  Dowan (D:5)
  5 hounds
  A gnoll bouda (D:5)
  Ijyb (D:4)
  An iguana (D:4)
  An orc wizard (D:4)
  4 gnolls
  7 adders
  A worm (D:3)
  4 dart slugs
  11 orcs
  9 ball pythons
  9 bats
  12 endoplasms
  4 giant cockroaches (D:3)
  8 hobgoblins
  3 jackals (D:4)
  8 quokkas
  5 frilled lizards
  12 goblins
  10 kobolds
  8 rats
127 creatures vanquished.

Notes
Turn   | Place    | Note
-------+----------+-------------------------------------------
     0 | D:1      | Zeldest the Troll Hedge Wizard began the quest for the Orb.
     0 | D:1      | Reached XP level 1. HP: 16/16 MP: 2/2
   152 | D:1      | Reached skill level 1 in Translocations
   157 | D:1      | Reached skill level 1 in Maces & Flails
   157 | D:1      | Reached XP level 2. HP: 21/24 MP: 4/4
   604 | D:2      | Found Ithono Hen's Assorted Antiques.
   628 | D:2      | Reached XP level 3. HP: 31/31 MP: 5/5
   821 | D:2      | Found a hide-covered altar of Uskayaw.
   936 | D:2      | Reached skill level 2 in Maces & Flails
  1357 | D:3      | Reached XP level 4. HP: 39/39 MP: 6/6
  1913 | D:3      | Reached skill level 1 in Throwing
  1913 | D:3      | Reached XP level 5. HP: 45/45 MP: 7/7
  2123 | D:4      | Reached skill level 3 in Maces & Flails
  2162 | D:4      | Found an iron altar of Okawaru.
  2242 | D:4      | Found a shimmering blue altar of Sif Muna.
  2323 | D:4      | Found a stormy altar of Qazlal.
  2411 | D:4      | Reached XP level 6. HP: 44/53 MP: 8/8
  2705 | D:4      | Noticed Ijyb
  2753 | D:4      | Killed Ijyb
  2841 | D:4      | Became a worshipper of Warmaster Okawaru
  3128 | D:5      | Entered Level 5 of the Dungeon
  3148 | D:5      | Reached skill level 1 in Invocations
  3282 | D:5      | Found a shadowy altar of Dithmenos.
  3284 | D:5      | Noticed Duvessa
  3284 | D:5      | Noticed Dowan
  3292 | D:5      | Killed Duvessa
  3292 | D:5      | Reached * piety under Okawaru
  3293 | D:5      | Reached skill level 4 in Maces & Flails
  3293 | D:5      | Reached XP level 7. HP: 46/59 MP: 9/9
  3297 | D:5      | Killed Dowan
  3375 | D:5      | Found a sparkling altar of Nemelex Xobeh.
  3732 | D:5      | Mangled by a wight

Illustrated notes

Levels and vault maps discovered:
D:1:      reono_arrival_mine, layout_loops_ring
D:2:      layout_loops_ring, serial_shops, shop_fountains, basic_altar,
          st_stairs_4, minmay_randomly_rotated_circles
D:3:      layout_loops_ring, minmay_joined_circles
D:4:      kennysheep_goblin_castle, layout_basic, nicolae_sif_muna_condensation,
          nicolae_overflow_crystal_walls, grunt_qazlal_clouds, minmay_bisected
D:5:      layout_basic, old_standard_altar, lemuel_tele_altar, uniq_duvessa
D:6:      layout_gridville

Skill      XL: |  1  2  3  4  5  6  7 |
---------------+----------------------+-----
Translocations | 1 2 3 |  3.6
Maces & Flails | 1 2 3 4 |  4.2
Throwing       | 1 2 3 |  3.2
Invocations    | 1 |  1.9
Dodging        | |  1.5
Stealth        | |  1.0
Spellcasting   | |  2.0
Conjurations   | |  0.6
Summonings     | |  0.6

Action                     |  1- 3 |  4- 6 |  7- 9 || total
---------------------------+-------+-------+-------++-------
  Melee: Unarmed           |   131 |   350 |       ||   481
         Punch             |     1 |     1 |       ||     2
         Giant club        |       |     2 |    37 ||    39
    Use: Potion            |       |     4 |     2 ||     6
   Stab: Sleeping          |     3 |     4 |     1 ||     8
 Armour: Robe              |    47 |   138 |     8 ||   193
  Dodge: Dodged            |    72 |   184 |    31 ||   287

Table legend: (Time is in decaauts)
 A = Elapsed time spent in this place.
 B = Non-inter-level travel time spent in this place.
 C = Inter-level travel time spent in this place.
 D = Time resting spent in this place.
 E = Time spent auto-exploring this place.
 F = Levels seen in this place.
 G = Mean time per level.
                   A        B        C        D        E       F      G
               +--------+--------+--------+--------+--------+-----+--------+
         Total |   3745 |   3557 |    188 |    122 |   2446 |   6 |  624.2 |
       Dungeon |   3745 |   3557 |    188 |    122 |   2446 |   6 |  624.2 |
               +--------+--------+--------+--------+--------+-----+--------+

Top non-repeatable levels by time:
     D:4: 1077 daAuts
     D:2: 734 daAuts
     D:3: 711 daAuts
     D:5: 615 daAuts
     D:1: 602 daAuts
     D:6: 3 daAuts
